 Dungeon Crawl Stone Soup version 0.20.0-15-g7f486f2 (webtiles) character file.

137 Chiseanne the Magician (level 5, 35/35 HPs)
             Began as a Demonspawn Wizard on June 15, 2017.
             Quit the game on level 3 of the Dungeon.
             The game lasted 00:04:30 (3668 turns).

Chiseanne the Magician (Demonspawn Wizard)          Turns: 3668, Time: 00:04:30

Health: 35/35      AC:  4    Str:  8    XL:     5   Next: 0%
Magic:  3/11       EV: 12    Int: 20    God:
Gold:   135        SH:  0    Dex: 11    Spells: 3/12 levels left

rFire    . . .     SeeInvis .   f - +0 mace
rCold    . . .     Gourm    .   (no shield)
rNeg     . . .     Faith    .   a - +0 robe
rPois    .         Spirit   .   j - +1 helmet
rElec    .         Reflect  .   (no cloak)
rCorr    .         Harm     .   (no gloves)
MR       .....                  (no boots)
Stlth    ++........             (no amulet)
Regen    1.2/turn               (no ring)
MPRegen  0.2/turn               (no ring)

@: very slightly contaminated
A: talons 1, powered by death 1, sturdy frame 1
a: no special abilities


You were on level 3 of the Dungeon.
You were not hungry.

You visited 1 branch of the dungeon, and saw 3 of its levels.

You collected 135 gold pieces.

Inventory:

Hand Weapons
 f - a +0 mace (weapon)
Missiles
 g - 58 arrows
 o - 23 stones (quivered)
Armour
 a - a +0 robe (worn)
 j - a +1 helmet (worn)
Wands
 n - a wand of random effects (35/48)
Scrolls
 c - a scroll of magic mapping {unknown}
 h - 2 scrolls of enchant armour
 i - a scroll of enchant weapon {unknown}
 k - a scroll of identify {unknown}
 l - a scroll of teleportation
Potions
 b - 2 potions of invisibility {unknown}
 e - 3 potions of flight {unknown}
 m - a potion of curing {unknown}
Comestibles
 d - 3 bread rations


   Skills:
 - Level 1.7 Dodging
 - Level 1.7 Stealth
 * Level 4.2 Spellcasting
 * Level 3.5 Conjurations
   Level 1.0 Summonings
 - Level 0.8 Translocations


You had 3 spell levels left.
You knew the following spells:

 Your Spells              Type           Power        Failure   Level  Hunger
a - Magic Dart            Conj           ###.         3%          1    None
b - Blink                 Tloc           N/A          13%         2    #......
c - Conjure Flame         Conj/Fire      ##......     19%         3    ###....
d - Mephitic Cloud        Conj/Pois/Air  #.......     22%         3    ###....


Dungeon Overview and Level Annotations

Branches:
Dungeon (3/15)

Altars:
Xom


Innate Abilities, Weirdness & Mutations

You have sharp toenails.
You regenerate a little health from kills.
Your movements are slightly less encumbered by armour. (ER -2)


Message History

The orc is engulfed in noxious fumes.
The orc appears confused.
Casting: Magic Dart
Confirm with . or Enter, or press ? or * to list all spells.
Aiming: Magic Dart
Press: ? - help, Shift-Dir - straight line, f/p - orc
Aim: an orc, wielding a hand axe (severely wounded, confused)
You miscast Magic Dart.
You are very lightly contaminated with residual magic.
Nothing appears to happen.
Casting: Magic Dart
Confirm with . or Enter, or press ? or * to list all spells.
Aiming: Magic Dart
Press: ? - help, Shift-Dir - straight line, f/p - orc
Aim: an orc, wielding a hand axe (severely wounded, confused)
The magic dart hits the orc.
You kill the orc!
You have reached level 5!
Your demonic ancestry asserts itself...
Your toenails lengthen and sharpen.
Are you sure you want to abandon this character and quit the game? (Confirm with "yes".)

#........#####.#
#..............# ##
##.........<###.###.
#####........##.# #.....
#...............###.###.
#.####.......##.....# #.
##.########.#### #. #.#
##.## #. #@# #...# #.
#....ยง..# #...#####.
#...oog## #.........
#....o.. #####...#####.
...#...#.##...........#.
.# #..................<.
##.. ##...........#. #..
###...)....##.
#.#.........


You could see 2 orc wizards, an orc and a hobgoblin.

Vanquished Creatures
  6 adders
  3 oozes
  A worm (D:3)
  A dart slug (D:2)
  5 leopard geckos
  2 orcs (D:3)
  A ball python (D:1)
  2 giant cockroaches (D:2)
  9 goblins
  5 hobgoblins
  4 jackals (D:1)
  7 kobolds
  4 bats
  3 frilled lizards
  7 rats (D:2)
60 creatures vanquished.

Notes
Turn   | Place    | Note
-------+----------+-------------------------------------------
     0 | D:1      | Chiseanne the Demonspawn Wizard began the quest for the Orb.
     0 | D:1      | Reached XP level 1. HP: 13/13 MP: 4/4
   511 | D:1      | Gained mutation: Your movements are slightly less encumbered by armour. (ER -2) [demonic ancestry]
   511 | D:1      | Reached XP level 2. HP: 19/19 MP: 1/6
  1599 | D:2      | Reached XP level 3. HP: 24/24 MP: 4/7
  2164 | D:2      | Gained mutation: You regenerate a little health from kills. [demonic ancestry]
  2164 | D:2      | Reached XP level 4. HP: 30/30 MP: 3/9
  2721 | D:2      | Reached skill level 4 in Spellcasting
  2867 | D:2      | Found a shimmering altar of Xom.
  3033 | D:2      | Learned a level 2 spell: Blink
  3037 | D:2      | Learned a level 3 spell: Conjure Flame
  3049 | D:2      | Learned a level 3 spell: Mephitic Cloud
  3667 | D:3      | Gained mutation: You have sharp toenails. [demonic ancestry]
  3667 | D:3      | Reached XP level 5. HP: 35/35 MP: 3/11
  3668 | D:3      | Quit the game

Skill      XL: |  1  2  3  4 |
---------------+-------------+-----
Conjurations   | 2 3 |  3.5
Spellcasting   | 4 |  4.2
Dodging        | |  1.7
Stealth        | |  1.7
Summonings     | |  1.0
Translocations | |  0.8

Action                   |  1- 3 |  4- 6 || total
-------------------------+-------+-------++-------
Melee: Mace              |    30 |       ||    30
 Cast: Magic Dart        |    69 |    81 ||   150
       Mephitic Cloud    |       |     1 ||     1
  Use: Scroll            |       |     5 ||     5
  Eat: Chunk             |     4 |     4 ||     8
Armor: Robe              |     9 |     2 ||    11
Dodge: Dodged            |    35 |     1 ||    36
